 Dungeon Crawl Stone Soup version 0.30.1-4-g462c640d31 (webtiles) character file.

Game seed: 12978091408646989337

19446 arthad the Fighter (level 12, -5/81 HPs)
             Began as a Gargoyle Fighter on Aug 24, 2023.
             Was a High Priest of Okawaru.
             Slain by Rupert
             ... wielding a +1 battleaxe of flaming
              (20 damage)
             ... on level 12 of the Dungeon.
             The game lasted 00:26:22 (13815 turns).

arthad the Fighter (Gargoyle Fighter)              Turns: 13815, Time: 00:26:23

Health: -5/81      AC: 33    Str: 24    XL:     12   Next: 69%
Magic:  12/12      EV:  8    Int:  8    God:    Okawaru [*****.]
Gold:   1003       SH: 14    Dex: 23    Spells: 11/11 levels left

rFire   . . .        W - +5 morningstar (heavy)
rCold   . . .        M - +0 kite shield
rNeg    + . .        a - +4 chain mail "Nyanuq" {rPois Will- Int-2 Dex+8}
rPois   ∞            x - +0 helmet
rElec   +            V - scarf {repulsion}
rCorr   .            e - +0 pair of gloves
SInv    .            y - +0 pair of boots
Will    .....        (no amulet) Stlth
                     h - +4 ring of protection
HPRegen 0.33/turn    K - +6 ring of dexterity
MPRegen 0.13/turn

%: repel missiles
@: studying Evocations
A: sickness immunity, AC +8, negative energy resistance 1, electricity
resistance, torment resistance 1, petrification resistance
a: Renounce Religion, Heroism, Finesse, Duel


You were on level 12 of the Dungeon.
You worshipped Okawaru.
Okawaru was extremely pleased with you.
You visited 2 branches of the dungeon, and saw 13 of its levels.
You also visited: Sewer.

You collected 1003 gold pieces.

Inventory:

Hand Weapons
 E - the +1 war axe of the Usurping Goat {freeze, +Blink Fly rC-}
   (You found it on level 7 of the Dungeon)

   rC:        It makes you vulnerable to cold.
   Fly:       It grants you flight.
   +Blink:    It lets you blink.
 J - the +6 mace "Ingeocic" {distort, rElec rC+ rN++ Dex+3}
   (You took it off a crimson imp on level 9 of the Dungeon)

   Dex:       It affects your dexterity (+3).
   rC:        It protects you from cold.
   rElec:     It insulates you from electricity.
   rN:        It greatly protects you from negative energy.
 W - a +5 heavy morningstar (weapon)
Missiles
 j - 2 silver javelins
 v - 56 poisoned darts (quivered)
 R - 6 boomerangs
 Y - 3 atropa-tipped darts
Armour
 a - the +4 chain mail "Nyanuq" (worn) {rPois Will- Int-2 Dex+8}
   (Okawaru gifted it to you on level 11 of the Dungeon)

   Int:       It affects your intelligence (-2).
   Dex:       It affects your dexterity (+8).
   rPois:     It protects you from poison.
   Will:      It decreases your willpower.
 b - a +0 scale mail
 c - a +0 buckler
 e - a +0 pair of gloves (worn)
 s - the +0 robe of the Frog {Str+7}
   (You found it on level 3 of the Dungeon)

   Str:       It affects your strength (+7).
 x - a +0 helmet (worn)
 y - a +0 pair of boots (worn)
 C - a +0 cloak
 M - a +0 kite shield (worn)
 V - a scarf of repulsion (worn)
Jewellery
 f - a ring of flight
 h - a +4 ring of protection (left hand)
 K - a +6 ring of dexterity (right hand)
 O - a ring of ice
 T - a ring of wizardry
Wands
 z - a wand of flame (36)
 Q - a wand of iceblast (6)
Scrolls
 g - a scroll of enchant weapon
 l - 2 scrolls of butterflies
 m - a scroll of teleportation
 n - 3 scrolls of fog
 p - a scroll of immolation
 t - 2 scrolls of fear
 u - 2 scrolls of poison
 D - a scroll of enchant armour
 L - 2 scrolls of amnesia
 N - 2 scrolls of vulnerability
 S - a scroll of noise
 Z - a scroll of magic mapping
Potions
 d - 3 potions of might
 i - 2 potions of haste
 k - 3 potions of attraction {unknown}
 o - a potion of brilliance {unknown}
 q - a potion of flight {unknown}
 r - 4 potions of mutation {unknown}
 w - a potion of cancellation {unknown}
 A - a potion of invisibility {unknown}
 F - a potion of magic {unknown}
 G - a potion of lignification {unknown}
 H - 3 potions of berserk rage {unknown}
 I - 2 potions of heal wounds
 P - 3 potions of degeneration {unknown}


   Skills:
 + Level 11.8 Fighting
 + Level 10.6 Maces & Flails
 + Level 11.8 Armour
 + Level 11.8 Shields
 + Level 1.0 Invocations
 * Level 1.9 Evocations


You had 11 spell levels left.
You didn't know any spells.
Your spell library contained the following spells:

 Spells                   Type           Power      Damage    Failure   Level
 Freeze                   Ice            0%         1d3       96%         1
 Sandblast                Erth           0%         2d4       96%         1
 Passwall                 Tmut/Erth      0%         N/A       99%         2
 Frozen Ramparts          Ice            0%         1d1       100%        3
 Hailstorm                Conj/Ice       0%         3d3       100%        3
 Ozocubu's Armour         Ice            0%         N/A       100%        3
 Stone Arrow              Conj/Erth      0%         3d7       100%        3
 Volatile Blastmotes      Fire/Tloc      0%         2d10      100%        3
 Fulminant Prism          Conj/Hex       0%         3d5       100%        4
 Iskenderun's Mystic Bla  Conj/Tloc      0%         2d3       100%        4
 Lee's Rapid Deconstruct  Erth           0%         3d4*      100%        5
 Metabolic Englaciation   Hex/Ice        0%         N/A       100%        5
 Simulacrum               Ice/Necr       Unusable   N/A       N/A         6

Dungeon Overview and Level Annotations

Branches:
Dungeon (12/15)            Temple (1/1) D:5            Lair (0/5) D:11
    Orc (0/2) D:11          Sewer (visited)

Altars:
Ashenzari
Cheibriados
Dithmenos
Elyvilon
Fedhas
Gozag
Hepliaklqana
Kikubaaqudgha
Makhleb
Nemelex Xobeh
Okawaru
Qazlal
Ru
Sif Muna
Trog
Uskayaw
Vehumet
Wu Jian
Xom
Yredelemnul
Zin
The Shining One

Annotations:
D:3 3 runed translucent doors, Azimandeus's ghost, amateur MeFi
D:9 exclusion: oklob plant
D:12 Kirke; Rupert


Innate Abilities, Weirdness & Mutations

You are immune to sickness and miasma.
Your stone body is resilient. (AC +8)
You are immune to poison.
You resist negative energy. (rN+)
You are resistant to electric shocks. (rElec)
You are resistant to unholy torment.
You are immune to petrification.


Message History

A boulder beetle comes into view.
Rupert roars madly and goes into a rage!
Rupert goes berserk!
The gargoyle hits you but does no damage.
You block the gargoyle's attack.
You puncture the gargoyle!
You destroy the gargoyle!
Okawaru accepts your kill. You block Rupert's attack.
The boulder beetle curls into a ball and begins rolling!
Your Invocations skill increases to level 1!
You thump Rupert!
Rupert is lightly wounded.
You block Rupert's attack. Rupert hits you but does no damage.
Rupert hits you with a +1 battleaxe of flaming.
Rupert burns you.
You barely miss Rupert.
Rupert is lightly wounded.
Rupert hits you with a +1 battleaxe of flaming!
Rupert burns you.
Rupert hits you with a +1 battleaxe of flaming!!
* * * LOW HITPOINT WARNING * * *
Rupert burns you.
* * * LOW HITPOINT WARNING * * *
The boulder beetle hits you but does no damage.
The boulder beetle stops rolling and uncurls.
You are too injured to fight recklessly!
You are too injured to fight recklessly!
You are too injured to fight recklessly!
You are too injured to fight recklessly!
You are too injured to fight recklessly!
You are too injured to fight recklessly!
Okay, then.
Aiming: Duel (87% risk of failure)
Press: ? - help, Dir - move target, f - boulder beetle
Aim: a boulder beetle You fail to use your ability.
Rupert barely misses you.
The boulder beetle bites you but does no damage.
Rupert hits you with a +1 battleaxe of flaming!!
You die...

.### ##.. ....## .[#
......####.#
.........#?## ###
............## ##.##
.............## ##...##
..............####.....#
...................###..
.......@.....##...## ##.
......B@.....##.).## ##
.....°.......##....# #
....°........##'''#.#
..............#...#.#
..............#≈.≈##.
..............#§.≈# .#
............#.#§§≈# ##
#≈.≈#


You could see Rupert (berserk) and a boulder beetle.

Vanquished Creatures
  Josephine (D:10)
  A catoblepas (D:11)
  2 two-headed ogres
  Erica (D:8)
  A boulder beetle (D:12)
  Lodul (D:10)
  An ugly thing (D:12)
  A manticore (D:11)
  A cyclops (D:11)
  Maggie (D:8)
  A gargoyle (D:12)
  A komodo dragon (D:11)
  Psyche (D:11)
  A kobold demonologist (D:11)
  A troll (D:10)
  2 hornets
  Prince Ribbit (D:7)
  A jumping spider (shapeshifter) (D:10)
  Sigmund (D:3)
  2 shadows (D:12)
  3 wyverns
  3 hogs (D:12)
  4 wraiths (D:10)
  Grum (D:9)
  19 yaks
  4 steam dragons
  6 vampire mosquitoes
  Duvessa (D:5)
  6 orc warriors
  An ice beast (D:7)
  A sky beast (D:8)
  4 black bears
  11 ogres
  2 wolves (D:9)
  6 centaurs
  6 kobold brigands
  3 bullfrogs
  2 scorpions
  2 gnoll sergeants
  10 wights
  Dowan (D:5)
  6 killer bees (D:10)
  An electric eel (D:8)
  A howler monkey (D:10)
  9 crimson imps (D:9)
  A lava snake (D:12)
  2 orc priests
  5 hounds
  10 jellies
  2 iguanas (D:5)
  Crazy Yiuf (D:4)
  5 orc wizards
  2 sleepcaps
  16 gnolls
  10 adders
  3 river rats (Sewer)
  2 shadow imps
  2 white imps
  An ufetubus (D:4)
  3 worms
  3 dart slugs
  14 orcs
  16 endoplasms
  A giant cockroach (D:3)
  5 goblins
  7 hobgoblins
  8 jackals
  A quokka (D:1)
  13 ball pythons
  5 bats
  10 frilled lizards
  35 kobolds
  11 rats
330 creatures vanquished.

Vanquished Creatures (others)
  An orc (D:11)
1 creature vanquished.

Grand Total: 331 creatures vanquished

Notes
Turn   | Place    | Note
-------+----------+-------------------------------------------
     0 | D:1      | arthad the Gargoyle Fighter began the quest for the Orb.
     0 | D:1      | Reached XP level 1. HP: 14/14 MP: 1/1
   128 | D:1      | Reached XP level 2. HP: 19/19 MP: 2/2
   843 | D:2      | Reached XP level 3. HP: 5/23 MP: 3/3
  1919 | D:3      | Reached XP level 4. HP: 28/29 MP: 4/4
  1954 | D:3      | Reached XP level 5. HP: 33/33 MP: 5/5
  2075 | D:3      | Found a runed translucent gate.
  2075 | D:3      | Found a runed translucent gate.
  2081 | D:3      | Found an opulent altar of Gozag.
  2083 | D:3      | Found a runed translucent gate.
  2085 | D:3      | Noticed Azimandeus's ghost (amateur MeFi)
  2120 | D:3      | Found a basalt altar of Yredelemnul.
  2374 | D:3      | Found a snail-covered altar of Cheibriados.
  2506 | D:3      | Identified the +0 robe of the Frog {Str+7}
  2565 | D:3      | Noticed Sigmund
  2571 | D:3      | Killed Sigmund
  2572 | D:3      | Reached XP level 6. HP: 40/40 MP: 6/6
  3687 | D:4      | Found a runed translucent door.
  3688 | D:4      | Noticed Crazy Yiuf
  3844 | D:4      | Killed Crazy Yiuf
  3845 | D:4      | Reached skill level 5 in Fighting
  3845 | D:4      | Reached skill level 5 in Armour
  3845 | D:4      | Reached skill level 5 in Shields
  3903 | D:5      | Entered Level 5 of the Dungeon
  3913 | D:5      | Found a staircase to the Ecumenical Temple.
  3919 | D:5      | Noticed a black bear
  3923 | Temple   | Entered the Ecumenical Temple
  4124 | Temple   | Became a worshipper of Warmaster Okawaru
  4151 | D:5      | Killed a black bear
  4152 | D:5      | Reached XP level 7. HP: 44/44 MP: 7/7
  4163 | D:5      | Noticed Dowan
  4165 | D:5      | Noticed Duvessa
  4174 | D:5      | Killed Dowan
  4190 | D:5      | Killed Duvessa
  4190 | D:5      | Reached * piety under Okawaru
  4354 | D:5      | Noticed a wyvern
  4619 | D:5      | Killed a wyvern
  4619 | D:5      | Reached ** piety under Okawaru
  4620 | D:5      | Reached XP level 8. HP: 36/51 MP: 8/8
  4676 | D:5      | Reached skill level 5 in Maces & Flails
  5364 | D:6      | Found a glowing drain.
  5403 | Sewer    | Entered a sewer
  6209 | D:6      | Reached XP level 9. HP: 49/56 MP: 9/9
  6383 | D:6      | Reached *** piety under Okawaru
  6937 | D:7      | Noticed Prince Ribbit
  6957 | D:7      | Killed Prince Ribbit
  7129 | D:7      | Noticed a hornet
  7155 | D:7      | Identified the +1 war axe of the Usurping Goat {freeze,
                  | +Blink Fly rC-}
  7381 | D:7      | Killed a hornet
  7665 | D:7      | Reached **** piety under Okawaru
  7725 | D:8      | Noticed Maggie
  7748 | D:8      | Killed Maggie
  7749 | D:8      | Reached XP level 10. HP: 20/65 MP: 7/10
  7932 | D:8      | Noticed Erica
  7949 | D:8      | Killed Erica
  9009 | D:9      | Reached ***** piety under Okawaru
  9301 | D:9      | Noticed Grum
  9321 | D:9      | Killed Grum
  9522 | D:9      | Received a gift from Okawaru
  9980 | D:9      | Identified the +6 mace "Ingeocic" {distort, rElec rC+ rN++
                  | Dex+3}
 10210 | D:9      | Noticed an oklob plant
 10215 | D:9      | Reached XP level 11. HP: 69/71 MP: 11/11
 10418 | D:10     | Entered Level 10 of the Dungeon
 10752 | D:10     | Noticed Lodul
 10754 | D:10     | Noticed Josephine
 10775 | D:10     | Killed Josephine
 10776 | D:10     | Reached skill level 10 in Fighting
 10776 | D:10     | Reached skill level 10 in Armour
 10776 | D:10     | Reached skill level 10 in Shields
 11157 | D:10     | Killed Lodul
 11381 | D:10     | Noticed a two-headed ogre
 11389 | D:10     | Killed a two-headed ogre
 12036 | D:11     | Noticed a catoblepas
 12037 | D:11     | Noticed Psyche
 12054 | D:11     | Killed a catoblepas
 12054 | D:11     | Identified the +4 chain mail "Nyanuq" {rPois Will- Int-2
                  | Dex+8} (Okawaru gifted it to you on level 11 of the
                  | Dungeon)
 12054 | D:11     | Received a gift from Okawaru
 12057 | D:11     | Reached XP level 12. HP: 49/79 MP: 10/12
 12057 | D:11     | Killed Psyche
 12108 | D:11     | Reached skill level 10 in Maces & Flails
 12330 | D:11     | Found a staircase to the Orcish Mines.
 12751 | D:11     | Found a staircase to the Lair.
 12794 | D:12     | Noticed a two-headed ogre
 12801 | D:12     | Noticed a boulder beetle
 12803 | D:12     | Killed a two-headed ogre
 12815 | D:12     | Killed a boulder beetle
 12945 | D:12     | Noticed Kirke
 13640 | D:12     | Identified a scroll of acquirement
 13641 | D:12     | Acquired a manual of Evocations
 13807 | D:12     | Reached skill level 1 in Evocations
 13808 | D:12     | Noticed Rupert
 13811 | D:12     | Noticed a boulder beetle
 13813 | D:12     | Reached skill level 1 in Invocations
 13815 | D:12     | Slain by Rupert

Illustrated notes

Levels and vault maps discovered:
D:1:      dpeg_arrival_erosion, layout_loops_ring
D:2:      layout_basic
D:3:      layout_loops_corners, mainiacjoe_overflow_big_doors,
          ebering_ghost_gozag, uniq_sigmund
D:4:      layout_basic, chequers_serial_rivers_large_a, minmay_misc_feat_square,
          uniq_crazy_yiuf_cottage
D:5:      layout_basic, minmay_temple_entry_waves, uniq_duvessa
D:6:      layout_loops_ring, portal_sewer_entry_a, minivault_24,
          dreamdust_gnoll_farm
D:7:      layout_gridville, uniq_prince_ribbit1
D:8:      layout_basic, serial_bayou_lagoon_a, uniq_erica, uniq_maggie
D:9:      lemuel_slime, layout_basic, minmay_nine_imps, uniq_grum
D:10:     layout_irregular_city, uniq_josephine, uniq_lodul
D:11:     layout_cave_pools, grunt_lair_entry_orc_guard_hut, orc_0_dummy,
          uniq_psyche
D:12:     layout_layer_cave, kennysheep_cross_bottleneck, uniq_kirke,
          uniq_rupert
Temple:   nicolae_temple_slightly_damp_pantheon

Skill      XL: |  1  2  3  4  5  6  7  8  9 10 11 12 |
---------------+-------------------------------------+-----
Fighting       | 4 5 6 8 9 10 11 | 11.8
Armour         | 4 5 6 8 9 10 11 | 11.8
Shields        | 4 5 6 8 9 10 11 | 11.8
Maces & Flails | 3 4 5 7 8 9 10 | 10.6
Evocations     | 1 |  1.9
Invocations    | 1 |  1.0

Action                     |  1- 3 |  4- 6 |  7- 9 | 10-12 || total
---------------------------+-------+-------+-------+-------++-------
  Melee: Flail             |   122 |   138 |   515 |   228 ||  1003
         Morningstar       |       |       |       |   340 ||   340
  Throw: Dart              |       |     3 |    11 |   103 ||   117
         Boomerang         |       |       |       |     3 ||     3
 Invoke: Heroism           |       |       |     2 |     4 ||     6
  Evoke: Wand              |       |       |    12 |     7 ||    19
    Use: Potion            |       |     1 |     7 |     4 ||    12
         Scroll            |       |       |    15 |    11 ||    26
 Armour: Scale mail        |    72 |    96 |   378 |   396 ||   942
         Chain mail        |       |       |       |    12 ||    12
  Dodge: Dodged            |    56 |    77 |   245 |   288 ||   666
         Repelled          |       |       |       |     6 ||     6
  Block: Buckler           |    24 |    38 |   110 |       ||   172
         Kite shield       |       |       |    60 |   372 ||   432
